NULL
Full Scoreboard »»

Kings vs Jets

Created - April 12, 2023 at 23:36

Goals
1 2 3 T
Kings 0 2 0 2
Jets 2 3 0 5
Shots
1 2 3 T
Kings 9 16 20 45
Jets 19 11 9 39

GoalsPenalties
1st period
1. Jets , Sam Reinhart 25 (Mark Scheifele 40) at 17:34 (PP)
2. Jets , Kyle Connor 30 (Vince Dunn 14, Dougie Hamilton 25) at 17:41
William Karlsson (LAK) for Holding (Minor) at 17:32
2nd period
3. Jets , Kyle Connor 31 (Conor Garland 33, Jordan Staal 20) at 3:01
4. Kings , Aleksander Barkov 39 (Nick Leddy 12) at 8:27
5. Jets , Jordan Staal 20 (Vince Dunn 15, Kyle Connor 40) at 14:37
6. Jets , Conor Garland 22 (Kyle Connor 41, Dougie Hamilton 26) at 16:04 (PP)
7. Kings , Corey Perry 12 (Yanni Gourde 23) at 17:44
Kevin Fiala (LAK) for Roughing (Minor) at 10:22
Kevin Fiala (LAK) for High sticking (Minor) at 15:29
3rd period
No Goal
Corey Perry (LAK) for Hooking (Minor) at 2:09
Goalie Stats
Braden Holtby (LAK), 34 saves from 39 shots - (0.872), L, 27-18-12, 60:00 minutes
Mackenzie Blackwood (WPG), 43 saves from 45 shots - (0.956), W, 22-16-3, 60:00 minutes
3 StarsOfficial
1 - Kyle Connor (WPG)
2 - Jordan Staal (WPG)
3 - Mackenzie Blackwood (WPG)
Referees : Unknown
Linesman : Unknown
Game Note
16:04 of 2nd period - Jets goal is going for a video replay. After video review, Goal.
13:03 of 3rd period - Kings goal is going for a video replay. After video review, No Goal. The puck has entered the net after making contact with an attacking player’s stick that is above the height of the crossbar.



Team Name Goals Shots Shots Attemp Shots Blocked PIM HIT PP PK FO%
Kings 24586198230 / 0 (0.00%265%
Jets 53978150132 / 4 (50%)035%

Kings
Player Name POS G A P +/- PIM HIT SHT SB MP PP MP PP SHT PK MP PK SHT FO% FOT GA TA
Aleksander BarkovC1011038016:010:0000:00068% 2500
Anze KopitarC000-2016117:140:0001:04064% 2520
Brad RichardsonC/LW/RW000-1010112:100:0001:5700% 002
Corey PerryLW/RW1011214015:020:0001:34067% 300
Erik JohnsonD0000000020:390:0001:3200% 000
Gustav ForslingD0000002621:120:0001:3200% 000
Juho LammikkoC000-101009:450:0000:00067% 300
Kevin FialaC/LW/RW0001426116:000:0000:0000% 121
Mark GiordanoD0000000223:180:0003:0300% 000
Nick LeddyD011-1010216:030:0000:0000% 022
Noah HanifinD0000016022:450:0003:0300% 000
Patrik LaineLW/RW000-2010216:100:0000:0000% 111
Rickard RakellC/LW/RW000-2021016:100:0000:0000% 001
Rudolfs BalcersLW0001043113:000:0000:0000% 200
Ryan DonatoC/LW/RW000-1013110:490:0001:0400% 010
Vladislav GavrikovD000-1001116:030:0000:0000% 001
William KarlssonC/LW/RW0001221120:000:0003:31075% 400
Yanni GourdeC/LW/RW0111024013:000:0000:000100% 500
Jets
Player Name POS G A P +/- PIM HIT SHT SB MP PP MP PP SHT PK MP PK SHT FO% FOT GA TA
Alexander EdlerD000-1021322:493:1000:0000% 002
Anthony BeauvillierLW000-2010020:223:1500:0000% 200
Blake LizotteC000001007:480:0000:000100% 200
Carl HagelinLW/RW000000007:480:0000:0000% 001
Casey MittelstadtC/LW/RW0000003114:520:0000:00020% 2020
Conor GarlandLW/RW1123005016:581:2010:0000% 210
Dougie HamiltonD0222013221:121:2500:0000% 020
Jonas BrodinD0000002115:590:0000:0000% 000
Joonas DonskoiLW/RW000000107:480:0000:0000% 100
Jordan StaalC/LW/RW1123033016:581:2000:00063% 1611
Josh BaileyC/LW/RW0000002114:520:0000:0000% 000
Kyle ConnorLW2243005016:581:2000:0000% 101
Mark ScheifeleC011-2025220:223:1510:00032% 2210
Matt RoyD000-1003122:493:1000:0000% 002
Nikita ZaitsevD0000000115:590:0000:0000% 000
Sam GagnerC/LW/RW0000021114:520:0000:0000% 000
Sam ReinhartC/RW101-2004120:223:1510:00033% 311
Vince DunnD0222011121:121:2500:0000% 000

Kings

5 vs 5 Forward
Line #Left WingCenterRight WingPHYDFOFWanted %Time %Time Play
1Kevin FialaAleksander BarkovWilliam Karlsson1133129%16:01
2Patrik LaineAnze KopitarRickard Rakell1133030%16:39
3Rudolfs BalcersYanni GourdeCorey Perry1222323%13:00
4Brad RichardsonJuho LammikkoRyan Donato1221618%9:45
5 vs 5 Defense
Line #DefenseDefensePHYDFOFWanted %Time %Time Play
1Mark GiordanoGustav Forsling1223635%19:34
2Erik JohnsonNoah Hanifin1223534%18:34
3Vladislav GavrikovNick Leddy1222930%16:36
4Noah HanifinMark Giordano12201%0:41
Power Play Forward
Line #Left WingCenterRight WingPHYDFOFWanted %Time %Time Play
1Kevin FialaAleksander BarkovRickard Rakell113500%0:00
2William KarlssonAnze KopitarPatrik Laine113500%0:00
Power Play Defense
Line #DefenseDefensePHYDFOFWanted %Time %Time Play
1Mark GiordanoNoah Hanifin122500%0:00
2Erik JohnsonGustav Forsling122500%0:00
Penalty Kill 4 Players Forward
Line #CenterWingPHYDFOFWanted %Time %Time Play
1Anze KopitarRyan Donato1225023%1:04
2William KarlssonCorey Perry1225077%3:31
Penalty Kill 4 Players Defense
Line #DefenseDefensePHYDFOFWanted %Time %Time Play
1Mark GiordanoNoah Hanifin1225067%3:03
2Erik JohnsonGustav Forsling1225033%1:32
Penalty Kill 3 Players
Line #WingPHYDFOFWanted %Time %Time PlayDefenseDefensePHYDFOFWanted %Time %Time Play
1Anze Kopitar122500%0:00 Mark GiordanoNoah Hanifin122500%0:00
2Aleksander Barkov122500%0:00 Erik JohnsonGustav Forsling122500%0:00
4 vs 4 Forward
Line #CenterWingPHYDFOFWanted %Time %Time Play
1Anze KopitarKevin Fiala122520%0:00
2Aleksander BarkovRickard Rakell122480%0:00
4 vs 4 Defense
Line #DefensePHYDFOFWanted %Time %Time Play
1Mark GiordanoNoah Hanifin122500%0:00
2Erik JohnsonGustav Forsling122500%0:00
Last Minutes Offensive
Left WingCenterRight WingDefenseDefense
Kevin FialaAleksander BarkovRickard RakellMark GiordanoNoah Hanifin
Last Minutes Defensive
Left WingCenterRight WingDefenseDefense
Kevin FialaAleksander BarkovRickard RakellMark GiordanoNoah Hanifin
Time
Total ForwardTotal DefenseLast Minutes OffensiveLast Minutes Defensive
60:00 60:00 0:000:00
Extra Forwards
Normal PowerPlayPenalty Kill
Yanni Gourde, Rudolfs Balcers, Corey PerryYanni Gourde, Rudolfs BalcersCorey Perry
Extra Defensemen
Normal PowerPlayPenalty Kill
Vladislav Gavrikov, Nick Leddy, Gustav ForslingVladislav Gavrikov, Nick LeddyErik Johnson
Penalty Shots
Aleksander Barkov, Anze Kopitar, Kevin Fiala, Rickard Rakell, William Karlsson
Goalie
Braden Holtby, Aaron Dell
Custom OT Lines Forwards
Aleksander Barkov, Anze Kopitar, Kevin Fiala, Rickard Rakell, William Karlsson, Patrik Laine, Yanni Gourde, Rudolfs Balcers, Corey Perry, Ryan Donato
Custom OT Lines Defensemen
Mark Giordano, Noah Hanifin, Erik Johnson, Gustav Forsling, Vladislav Gavrikov
Scratches
Alexandre Texier (Healthy), Robert Bortuzzo (Healthy)

Jets

5 vs 5 Forward
Line #Left WingCenterRight WingPHYDFOFWanted %Time %Time Play
1Anthony BeauvillierMark ScheifeleSam Reinhart0233331%17:07
2Kyle ConnorJordan StaalConor Garland0233028%15:38
3Josh BaileyCasey MittelstadtSam Gagner1222827%14:52
4Joonas DonskoiBlake LizotteCarl Hagelin131914%7:48
5 vs 5 Defense
Line #DefenseDefensePHYDFOFWanted %Time %Time Play
1Dougie HamiltonVince Dunn1223536%19:47
2Alexander EdlerMatt Roy1223535%19:39
3Jonas BrodinNikita Zaitsev1313029%15:59
4Dougie HamiltonVince Dunn12200%0:00
Power Play Forward
Line #Left WingCenterRight WingPHYDFOFWanted %Time %Time Play
1Anthony BeauvillierMark ScheifeleSam Reinhart0235071%3:15
2Kyle ConnorJordan StaalConor Garland0235029%1:20
Power Play Defense
Line #DefenseDefensePHYDFOFWanted %Time %Time Play
1Dougie HamiltonVince Dunn0235031%1:25
2Alexander EdlerMatt Roy0235069%3:10
Penalty Kill 4 Players Forward
Line #CenterWingPHYDFOFWanted %Time %Time Play
1Mark ScheifeleJosh Bailey131500%0:00
2Blake LizotteSam Gagner131500%0:00
Penalty Kill 4 Players Defense
Line #DefenseDefensePHYDFOFWanted %Time %Time Play
1Jonas BrodinNikita Zaitsev131500%0:00
2Dougie HamiltonMatt Roy131500%0:00
Penalty Kill 3 Players
Line #WingPHYDFOFWanted %Time %Time PlayDefenseDefensePHYDFOFWanted %Time %Time Play
1Mark Scheifele122500%0:00 Jonas BrodinNikita Zaitsev122500%0:00
2Blake Lizotte122500%0:00 Dougie HamiltonMatt Roy122500%0:00
4 vs 4 Forward
Line #CenterWingPHYDFOFWanted %Time %Time Play
1Mark ScheifeleAnthony Beauvillier023500%0:00
2Jordan StaalKyle Connor023500%0:00
4 vs 4 Defense
Line #DefensePHYDFOFWanted %Time %Time Play
1Dougie HamiltonVince Dunn023500%0:00
2Alexander EdlerMatt Roy023500%0:00
Last Minutes Offensive
Left WingCenterRight WingDefenseDefense
Kyle ConnorMark ScheifeleSam ReinhartDougie HamiltonVince Dunn
Last Minutes Defensive
Left WingCenterRight WingDefenseDefense
Kyle ConnorMark ScheifeleSam ReinhartDougie HamiltonVince Dunn
Time
Total ForwardTotal DefenseLast Minutes OffensiveLast Minutes Defensive
60:00 60:00 0:000:00
Extra Forwards
Normal PowerPlayPenalty Kill
Anthony Beauvillier, Casey Mittelstadt, Blake LizotteAnthony Beauvillier, Casey MittelstadtBlake Lizotte
Extra Defensemen
Normal PowerPlayPenalty Kill
Matt Roy, Dougie Hamilton, Vince DunnJonas Brodin, Vince DunnAlexander Edler
Penalty Shots
Kyle Connor, Conor Garland, Jordan Staal, Josh Bailey, Sam Gagner
Goalie
Mackenzie Blackwood, Ville Husso
Custom OT Lines Forwards
Jordan Staal, Kyle Connor, Conor Garland, Mark Scheifele, Sam Reinhart, Anthony Beauvillier, Josh Bailey, Casey Mittelstadt, Sam Gagner, Carl Hagelin
Custom OT Lines Defensemen
Dougie Hamilton, Vince Dunn, Matt Roy, Jonas Brodin, Nikita Zaitsev
Scratches
Andreas Johnsson (Healthy), Jacob Larsson (Healthy), Jordan Martinook (Healthy)


Play-by-Play

1st period


0:01 of 1st period - Aleksander Barkov wins face-off versus Mark Scheifele in neutral zone.
0:10 of 1st period - Wrist shot by Mark Scheifele.
0:10 of 1st period - Stopped by Braden Holtby with a rebound.
0:12 of 1st period - Slapshot by Dougie Hamilton.
0:12 of 1st period - Stopped by Braden Holtby with a rebound.
0:14 of 1st period - Snap shot by Dougie Hamilton.
0:14 of 1st period - Shot Misses the Net.
0:16 of 1st period - Slapshot by Dougie Hamilton.
0:16 of 1st period - Stopped by Braden Holtby with a rebound.
0:33 of 1st period - Slapshot by Kyle Connor.
0:33 of 1st period - Shot Misses the Net.
0:39 of 1st period - Snap shot by Anze Kopitar.
0:39 of 1st period - Shot Misses the Net.
0:53 of 1st period - Snap shot by Josh Bailey.
0:53 of 1st period - Shot Misses the Net.
1:09 of 1st period - Snap shot by Joonas Donskoi.
1:09 of 1st period - Stopped by Braden Holtby without a rebound.
1:10 of 1st period - Juho Lammikko wins face-off versus Joonas Donskoi in Kings zone.
1:25 of 1st period - Snap shot by Noah Hanifin.
1:25 of 1st period - Shot Misses the Net.
2:34 of 1st period - Backhand shot by Casey Mittelstadt.
2:34 of 1st period - Stopped by Braden Holtby without a rebound.
2:35 of 1st period - Jordan Staal wins face-off versus Anze Kopitar in Kings zone.
4:00 of 1st period - Wrist shot by Mark Scheifele.
4:00 of 1st period - Shot Misses the Net.
4:02 of 1st period - Slapshot by Mark Scheifele.
4:02 of 1st period - Shot Blocked by Ryan Donato.
5:08 of 1st period - Wrist shot by Sam Reinhart.
5:08 of 1st period - Shot Blocked by Vladislav Gavrikov.
5:10 of 1st period - Wrist shot by Mark Scheifele.
5:10 of 1st period - Shot Blocked by Nick Leddy.
5:12 of 1st period - Slapshot by Jonas Brodin.
5:12 of 1st period - Deflect By Mark Scheifele.
5:12 of 1st period - Shot Misses the Net.
5:12 of 1st period - Puck is out of play.
5:13 of 1st period - Casey Mittelstadt wins face-off versus Aleksander Barkov in Kings zone.
5:24 of 1st period - Snap shot by Casey Mittelstadt.
5:24 of 1st period - Stopped by Braden Holtby with a rebound.
5:26 of 1st period - Slapshot by Sam Gagner.
5:26 of 1st period - Shot Misses the Net.
5:28 of 1st period - Snap shot by Dougie Hamilton.
5:28 of 1st period - Shot Misses the Net.
5:35 of 1st period - Icing by Aleksander Barkov.
5:36 of 1st period - Anze Kopitar wins face-off versus Jordan Staal in Kings zone.
6:03 of 1st period - Rudolfs Balcers is hit by Alexander Edler and loses puck.
6:49 of 1st period - Off-side.
6:50 of 1st period - Anze Kopitar wins face-off versus Jordan Staal in neutral zone.
7:00 of 1st period - Off-side.
7:01 of 1st period - Yanni Gourde wins face-off versus Casey Mittelstadt in neutral zone.
7:17 of 1st period - Wrist shot by Yanni Gourde.
7:17 of 1st period - Stopped by Mackenzie Blackwood with a rebound.
7:27 of 1st period - Aleksander Barkov is hit by Jordan Staal.
8:09 of 1st period - Snap shot by Anze Kopitar.
8:09 of 1st period - Shot Blocked by Dougie Hamilton.
8:11 of 1st period - Snap shot by Yanni Gourde.
8:11 of 1st period - Shot Blocked by Dougie Hamilton.
8:13 of 1st period - Snap shot by Rudolfs Balcers.
8:13 of 1st period - Shot Blocked by Sam Gagner.
8:17 of 1st period - Slapshot by Yanni Gourde.
8:17 of 1st period - Shot Misses the Net.
8:37 of 1st period - Snap shot by Kevin Fiala.
8:37 of 1st period - Stopped by Mackenzie Blackwood with a rebound.
8:43 of 1st period - Snap shot by Kyle Connor.
8:43 of 1st period - Stopped by Braden Holtby with a rebound.
9:10 of 1st period - Slapshot by Mark Scheifele.
9:10 of 1st period - Stopped by Braden Holtby with a rebound.
9:50 of 1st period - Snap shot by Kevin Fiala.
9:50 of 1st period - Shot Misses the Net.
10:06 of 1st period - Mark Scheifele is hit by Brad Richardson and loses puck.
10:33 of 1st period - Snap shot by Anze Kopitar.
10:33 of 1st period - Shot Misses the Net.
10:35 of 1st period - Slapshot by Vladislav Gavrikov.
10:35 of 1st period - Stopped by Mackenzie Blackwood with a rebound.
10:37 of 1st period - Slapshot by Anze Kopitar.
10:37 of 1st period - Stopped by Mackenzie Blackwood with a rebound.
11:07 of 1st period - Dougie Hamilton is hit by William Karlsson.
11:28 of 1st period - Erik Johnson is hit by Mark Scheifele and loses puck.
11:47 of 1st period - Snap shot by Anze Kopitar.
11:47 of 1st period - Stopped by Mackenzie Blackwood with a rebound.
11:49 of 1st period - Snap shot by Anze Kopitar.
11:49 of 1st period - Stopped by Mackenzie Blackwood with a rebound.
11:51 of 1st period - Slapshot by Noah Hanifin.
11:51 of 1st period - Stopped by Mackenzie Blackwood without a rebound.
11:52 of 1st period - Anze Kopitar wins face-off versus Casey Mittelstadt in Jets zone.
11:57 of 1st period - Snap shot by Anze Kopitar.
11:57 of 1st period - Shot Misses the Net.
12:03 of 1st period - Slapshot by Rickard Rakell.
12:03 of 1st period - Shot Blocked by Alexander Edler.
12:05 of 1st period - Slapshot by Gustav Forsling.
12:05 of 1st period - Deflect By Alexander Edler.
12:05 of 1st period - Stopped by Mackenzie Blackwood without a rebound.
12:06 of 1st period - Jordan Staal wins face-off versus Aleksander Barkov in Jets zone.
12:28 of 1st period - Icing by Kyle Connor.
12:29 of 1st period - Anze Kopitar wins face-off versus Jordan Staal in Jets zone.
12:30 of 1st period - Slapshot by Patrik Laine.
12:30 of 1st period - Shot Misses the Net.
12:52 of 1st period - Backhand shot by Conor Garland.
12:52 of 1st period - Stopped by Braden Holtby with a rebound.
13:07 of 1st period - Snap shot by Kyle Connor.
13:07 of 1st period - Deflect By Jordan Staal.
13:07 of 1st period - Stopped by Braden Holtby with a rebound.
13:09 of 1st period - Slapshot by Matt Roy.
13:09 of 1st period - Stopped by Braden Holtby with a rebound.
13:11 of 1st period - Snap shot by Jordan Staal.
13:11 of 1st period - Stopped by Braden Holtby without a rebound.
13:12 of 1st period - Aleksander Barkov wins face-off versus Casey Mittelstadt in Kings zone.
14:07 of 1st period - Jonas Brodin is hit by Ryan Donato and loses puck.
14:51 of 1st period - Off-side.
14:52 of 1st period - Sam Reinhart wins face-off versus Anze Kopitar in neutral zone.
15:02 of 1st period - Off-side.
15:03 of 1st period - Casey Mittelstadt wins face-off versus Aleksander Barkov in neutral zone.
15:50 of 1st period - Kyle Connor is hit by Yanni Gourde and loses puck.
15:59 of 1st period - Rudolfs Balcers is hit by Jordan Staal and loses puck.
16:50 of 1st period - Wrist shot by Mark Scheifele.
16:50 of 1st period - Stopped by Braden Holtby with a rebound.
16:52 of 1st period - Slapshot by Alexander Edler.
16:52 of 1st period - Deflect By Mark Scheifele.
16:52 of 1st period - Stopped by Braden Holtby without a rebound.
16:53 of 1st period - Mark Scheifele wins face-off versus Patrik Laine in Kings zone.
17:10 of 1st period - Slapshot by Rickard Rakell.
17:10 of 1st period - Stopped by Mackenzie Blackwood without a rebound.
17:11 of 1st period - Aleksander Barkov wins face-off versus Casey Mittelstadt in Jets zone.
17:22 of 1st period - Wrist shot by Casey Mittelstadt.
17:22 of 1st period - Stopped by Braden Holtby with a rebound.
17:24 of 1st period - Snap shot by Vince Dunn.
17:24 of 1st period - Shot Hit the Post.
17:26 of 1st period - Snap shot by Sam Gagner.
17:26 of 1st period - Stopped by Braden Holtby with a rebound.
17:32 of 1st period - Minor Penalty to William Karlsson for Holding.
17:33 of 1st period - Mark Scheifele wins face-off versus Anze Kopitar in Kings zone.
17:34 of 1st period - Wrist shot by Sam Reinhart.
17:34 of 1st period - Goal by Sam Reinhart - Kings : 0 - Jets : 1.
17:35 of 1st period - Jordan Staal wins face-off versus Anze Kopitar in neutral zone.
17:39 of 1st period - Slapshot by Vince Dunn.
17:39 of 1st period - Stopped by Braden Holtby with a rebound.
17:41 of 1st period - Snap shot by Kyle Connor.
17:41 of 1st period - Goal by Kyle Connor - Kings : 0 - Jets : 2.
17:42 of 1st period - Anze Kopitar wins face-off versus Mark Scheifele in neutral zone.
17:42 of 1st period - Rickard Rakell is hit by Dougie Hamilton and loses puck.
18:09 of 1st period - Josh Bailey is hit by Kevin Fiala and loses puck.
19:11 of 1st period - Alexander Edler is hit by Kevin Fiala and loses puck.
19:24 of 1st period - Blake Lizotte is hit by William Karlsson.
19:54 of 1st period - Wrist shot by Mark Scheifele.
19:54 of 1st period - Shot Blocked by Nick Leddy.
Goals for this period are 0 for Kings vs 2 for Jets.
Shots for this period are 9 for Kings vs 19 for Jets.

2nd period


0:01 of 2nd period - Anze Kopitar wins face-off versus Casey Mittelstadt in neutral zone.
0:04 of 2nd period - Josh Bailey is hit by Anze Kopitar and loses puck.
0:27 of 2nd period - Kyle Connor is hit by Aleksander Barkov and loses puck.
0:36 of 2nd period - Wrist shot by Aleksander Barkov.
0:36 of 2nd period - Shot Misses the Net.
1:12 of 2nd period - Noah Hanifin is hit by Blake Lizotte and loses puck.
1:33 of 2nd period - Dougie Hamilton is hit by Rickard Rakell and loses puck.
2:00 of 2nd period - Snap shot by Kevin Fiala.
2:00 of 2nd period - Shot Misses the Net.
2:24 of 2nd period - Wrist shot by Sam Reinhart.
2:24 of 2nd period - Deflect By Mark Scheifele.
2:24 of 2nd period - Shot Blocked by Rudolfs Balcers.
2:24 of 2nd period - Puck is out of play.
2:25 of 2nd period - Casey Mittelstadt wins face-off versus Anze Kopitar in Kings zone.
2:57 of 2nd period - Wrist shot by Conor Garland.
2:57 of 2nd period - Shot Misses the Net.
2:59 of 2nd period - Snap shot by Kyle Connor.
2:59 of 2nd period - Shot Blocked by Patrik Laine.
3:01 of 2nd period - Slapshot by Kyle Connor.
3:01 of 2nd period - Goal by Kyle Connor - Kings : 0 - Jets : 3.
3:02 of 2nd period - Aleksander Barkov wins face-off versus Anthony Beauvillier in neutral zone.
3:09 of 2nd period - Slapshot by Aleksander Barkov.
3:09 of 2nd period - Shot Misses the Net.
3:11 of 2nd period - Snap shot by Kevin Fiala.
3:11 of 2nd period - Shot Blocked by Sam Reinhart.
3:13 of 2nd period - Slapshot by Vladislav Gavrikov.
3:13 of 2nd period - Deflect By Aleksander Barkov.
3:13 of 2nd period - Stopped by Mackenzie Blackwood with a rebound.
3:26 of 2nd period - Icing by Conor Garland.
3:27 of 2nd period - Yanni Gourde wins face-off versus Conor Garland in Jets zone.
3:28 of 2nd period - Snap shot by Rudolfs Balcers.
3:28 of 2nd period - Shot Misses the Net.
3:30 of 2nd period - Slapshot by Mark Giordano.
3:30 of 2nd period - Shot Misses the Net.
3:32 of 2nd period - Snap shot by Rudolfs Balcers.
3:32 of 2nd period - Shot Misses the Net.
3:34 of 2nd period - Wrist shot by Rudolfs Balcers.
3:34 of 2nd period - Stopped by Mackenzie Blackwood without a rebound.
3:35 of 2nd period - Aleksander Barkov wins face-off versus Mark Scheifele in Jets zone.
4:13 of 2nd period - Snap shot by Rickard Rakell.
4:13 of 2nd period - Shot Misses the Net.
4:15 of 2nd period - Snap shot by Gustav Forsling.
4:15 of 2nd period - Deflect By Anze Kopitar.
4:15 of 2nd period - Stopped by Mackenzie Blackwood with a rebound.
4:33 of 2nd period - Dougie Hamilton is hit by Rudolfs Balcers and loses puck.
5:24 of 2nd period - Jordan Staal is hit by Rickard Rakell.
5:48 of 2nd period - Sam Gagner is hit by Yanni Gourde and loses puck.
6:27 of 2nd period - Wrist shot by Kevin Fiala.
6:27 of 2nd period - Stopped by Mackenzie Blackwood with a rebound.
7:15 of 2nd period - Slapshot by Noah Hanifin.
7:15 of 2nd period - Stopped by Mackenzie Blackwood without a rebound.
7:16 of 2nd period - Aleksander Barkov wins face-off versus Mark Scheifele in Jets zone.
7:21 of 2nd period - Snap shot by Aleksander Barkov.
7:21 of 2nd period - Stopped by Mackenzie Blackwood with a rebound.
7:23 of 2nd period - Snap shot by Nick Leddy.
7:23 of 2nd period - Shot Blocked by Mark Scheifele.
8:27 of 2nd period - Snap shot by Aleksander Barkov.
8:27 of 2nd period - Goal by Aleksander Barkov - Kings : 1 - Jets : 3.
8:28 of 2nd period - Mark Scheifele wins face-off versus Kevin Fiala in neutral zone.
8:31 of 2nd period - Slapshot by Sam Reinhart.
8:31 of 2nd period - Shot Misses the Net.
8:33 of 2nd period - Wrist shot by Alexander Edler.
8:33 of 2nd period - Stopped by Braden Holtby without a rebound.
8:34 of 2nd period - Mark Scheifele wins face-off versus Aleksander Barkov in Kings zone.
8:41 of 2nd period - Snap shot by Sam Reinhart.
8:41 of 2nd period - Shot Misses the Net.
8:43 of 2nd period - Slapshot by Matt Roy.
8:43 of 2nd period - Stopped by Braden Holtby without a rebound.
8:44 of 2nd period - Aleksander Barkov wins face-off versus Jordan Staal in Kings zone.
8:54 of 2nd period - Off-side.
8:55 of 2nd period - Anze Kopitar wins face-off versus Casey Mittelstadt in neutral zone.
9:22 of 2nd period - Sam Reinhart is hit by Nick Leddy and loses puck.
10:00 of 2nd period - Slapshot by Yanni Gourde.
10:00 of 2nd period - Stopped by Mackenzie Blackwood without a rebound.
10:01 of 2nd period - Aleksander Barkov wins face-off versus Conor Garland in Jets zone.
10:02 of 2nd period - Slapshot by Kevin Fiala.
10:02 of 2nd period - Stopped by Mackenzie Blackwood with a rebound.
10:14 of 2nd period - Snap shot by Conor Garland.
10:14 of 2nd period - Shot Blocked by Mark Giordano.
10:16 of 2nd period - Slapshot by Nikita Zaitsev.
10:16 of 2nd period - Shot Blocked by William Karlsson.
10:22 of 2nd period - Minor Penalty to Kevin Fiala for Roughing.
10:23 of 2nd period - William Karlsson wins face-off versus Jordan Staal in Kings zone.
10:51 of 2nd period - Slapshot by Corey Perry.
10:51 of 2nd period - Shot Misses the Net.
11:39 of 2nd period - Icing by Anthony Beauvillier.
11:40 of 2nd period - William Karlsson wins face-off versus Mark Scheifele in Jets zone.
12:17 of 2nd period - Slapshot by Kyle Connor.
12:17 of 2nd period - Shot Misses the Net.
12:22 of 2nd period - Penalty to Kevin Fiala is over, Kevin Fiala is back on ice.
13:10 of 2nd period - Backhand shot by Yanni Gourde.
13:10 of 2nd period - Stopped by Mackenzie Blackwood without a rebound.
13:11 of 2nd period - Yanni Gourde wins face-off versus Mark Scheifele in Jets zone.
13:16 of 2nd period - Slapshot by Rudolfs Balcers.
13:16 of 2nd period - Stopped by Mackenzie Blackwood without a rebound.
13:17 of 2nd period - Jordan Staal wins face-off versus Anze Kopitar in Jets zone.
13:48 of 2nd period - Wrist shot by Casey Mittelstadt.
13:48 of 2nd period - Shot Blocked by Kevin Fiala.
13:54 of 2nd period - Dougie Hamilton is hit by Aleksander Barkov and loses puck.
14:08 of 2nd period - Vince Dunn is hit by Corey Perry and loses puck.
14:31 of 2nd period - Wrist shot by Conor Garland.
14:31 of 2nd period - Stopped by Braden Holtby with a rebound.
14:33 of 2nd period - Backhand shot by Kyle Connor.
14:33 of 2nd period - Shot Misses the Net.
14:35 of 2nd period - Snap shot by Vince Dunn.
14:35 of 2nd period - Shot Blocked by Brad Richardson.
14:37 of 2nd period - Wrist shot by Jordan Staal.
14:37 of 2nd period - Goal by Jordan Staal - Kings : 1 - Jets : 4.
14:38 of 2nd period - Anze Kopitar wins face-off versus Mark Scheifele in neutral zone.
15:07 of 2nd period - Icing by Alexander Edler.
15:08 of 2nd period - Jordan Staal wins face-off versus Aleksander Barkov in Jets zone.
15:08 of 2nd period - Conor Garland is hit by Aleksander Barkov and loses puck.
15:20 of 2nd period - Nikita Zaitsev is hit by Noah Hanifin and loses puck.
15:23 of 2nd period - Wrist shot by Nikita Zaitsev.
15:23 of 2nd period - Shot Misses the Net.
15:29 of 2nd period - Minor Penalty to Kevin Fiala for High sticking.
15:30 of 2nd period - Anze Kopitar wins face-off versus Mark Scheifele in Kings zone.
15:43 of 2nd period - Wrist shot by Mark Scheifele.
15:43 of 2nd period - Shot Blocked by Gustav Forsling.
15:45 of 2nd period - Slapshot by Vince Dunn.
15:45 of 2nd period - Shot Blocked by Gustav Forsling.
15:47 of 2nd period - Snap shot by Mark Scheifele.
15:47 of 2nd period - Stopped by Braden Holtby with a rebound.
15:57 of 2nd period - Erik Johnson is hit by Jordan Staal and loses puck.
16:02 of 2nd period - Slapshot by Kyle Connor.
16:02 of 2nd period - Shot Blocked by Gustav Forsling.
16:04 of 2nd period - Snap shot by Conor Garland.
16:04 of 2nd period - Jets goal is going for a video replay.
16:04 of 2nd period - The goal is good.
16:04 of 2nd period - Goal by Conor Garland - Kings : 1 - Jets : 5.
16:05 of 2nd period - Anze Kopitar wins face-off versus Casey Mittelstadt in neutral zone.
16:32 of 2nd period - Anze Kopitar is hit by Alexander Edler and loses puck.
16:41 of 2nd period - Backhand shot by Kyle Connor.
16:41 of 2nd period - Stopped by Braden Holtby with a rebound.
17:01 of 2nd period - Wrist shot by Anze Kopitar.
17:01 of 2nd period - Stopped by Mackenzie Blackwood with a rebound.
17:03 of 2nd period - Snap shot by Rickard Rakell.
17:03 of 2nd period - Shot Misses the Net.
17:05 of 2nd period - Slapshot by Rickard Rakell.
17:05 of 2nd period - Deflect By Alexander Edler.
17:05 of 2nd period - Shot Blocked by Alexander Edler.
17:05 of 2nd period - Puck is out of play.
17:06 of 2nd period - Aleksander Barkov wins face-off versus Casey Mittelstadt in Jets zone.
17:07 of 2nd period - Slapshot by Kevin Fiala.
17:07 of 2nd period - Stopped by Mackenzie Blackwood with a rebound.
17:09 of 2nd period - Snap shot by Aleksander Barkov.
17:09 of 2nd period - Stopped by Mackenzie Blackwood without a rebound.
17:10 of 2nd period - Aleksander Barkov wins face-off versus Casey Mittelstadt in Jets zone.
17:35 of 2nd period - Nikita Zaitsev is hit by Rudolfs Balcers and loses puck.
17:44 of 2nd period - Wrist shot by Corey Perry.
17:44 of 2nd period - Goal by Corey Perry - Kings : 2 - Jets : 5.
17:45 of 2nd period - Jordan Staal wins face-off versus Aleksander Barkov in neutral zone.
18:15 of 2nd period - Corey Perry is hit by Anthony Beauvillier and loses puck.
18:36 of 2nd period - Wrist shot by Josh Bailey.
18:36 of 2nd period - Stopped by Braden Holtby without a rebound.
18:37 of 2nd period - William Karlsson wins face-off versus Casey Mittelstadt in Kings zone.
18:52 of 2nd period - Slapshot by Casey Mittelstadt.
18:52 of 2nd period - Shot Blocked by Gustav Forsling.
18:54 of 2nd period - Wrist shot by Josh Bailey.
18:54 of 2nd period - Stopped by Braden Holtby without a rebound.
18:55 of 2nd period - Jordan Staal wins face-off versus Anze Kopitar in Kings zone.
19:01 of 2nd period - Off-side.
19:02 of 2nd period - Jordan Staal wins face-off versus Anze Kopitar in neutral zone.
19:05 of 2nd period - Wrist shot by Conor Garland.
19:05 of 2nd period - Shot Misses the Net.
19:07 of 2nd period - Snap shot by Conor Garland.
19:07 of 2nd period - Shot Misses the Net.
19:34 of 2nd period - Slapshot by Conor Garland.
19:34 of 2nd period - Shot Blocked by Anze Kopitar.
19:36 of 2nd period - Wrist shot by Kyle Connor.
19:36 of 2nd period - Stopped by Braden Holtby without a rebound.
19:37 of 2nd period - Aleksander Barkov wins face-off versus Mark Scheifele in Kings zone.
19:42 of 2nd period - Slapshot by Mark Giordano.
19:42 of 2nd period - Shot Misses the Net.
19:44 of 2nd period - Wrist shot by William Karlsson.
19:44 of 2nd period - Shot Blocked by Mark Scheifele.
19:46 of 2nd period - Slapshot by Gustav Forsling.
19:46 of 2nd period - Stopped by Mackenzie Blackwood without a rebound.
19:47 of 2nd period - Mark Scheifele wins face-off versus Aleksander Barkov in Jets zone.
Goals for this period are 2 for Kings vs 3 for Jets.
Shots for this period are 16 for Kings vs 11 for Jets.

3rd period


0:01 of 3rd period - Yanni Gourde wins face-off versus Casey Mittelstadt in neutral zone.
0:03 of 3rd period - Off-side.
0:04 of 3rd period - Corey Perry wins face-off versus Casey Mittelstadt in neutral zone.
0:09 of 3rd period - Snap shot by Rudolfs Balcers.
0:09 of 3rd period - Shot Misses the Net.
0:14 of 3rd period - Off-side.
0:15 of 3rd period - Aleksander Barkov wins face-off versus Sam Reinhart in neutral zone.
0:42 of 3rd period - Gustav Forsling is hit by Vince Dunn and loses puck.
1:01 of 3rd period - Snap shot by Conor Garland.
1:01 of 3rd period - Stopped by Braden Holtby without a rebound.
1:02 of 3rd period - Anze Kopitar wins face-off versus Jordan Staal in Kings zone.
2:02 of 3rd period - Snap shot by Sam Reinhart.
2:02 of 3rd period - Stopped by Braden Holtby without a rebound.
2:03 of 3rd period - Jordan Staal wins face-off versus Rudolfs Balcers in Kings zone.
2:09 of 3rd period - Minor Penalty to Corey Perry for Hooking.
2:10 of 3rd period - Anze Kopitar wins face-off versus Mark Scheifele in Kings zone.
2:19 of 3rd period - Off-side.
2:20 of 3rd period - Mark Scheifele wins face-off versus William Karlsson in neutral zone.
4:09 of 3rd period - Penalty to Corey Perry is over, Corey Perry is back on ice.
4:36 of 3rd period - Slapshot by Sam Reinhart.
4:36 of 3rd period - Stopped by Braden Holtby without a rebound.
4:37 of 3rd period - Anze Kopitar wins face-off versus Kyle Connor in Kings zone.
5:26 of 3rd period - Off-side.
5:27 of 3rd period - Blake Lizotte wins face-off versus Anze Kopitar in neutral zone.
5:30 of 3rd period - Slapshot by Jonas Brodin.
5:30 of 3rd period - Stopped by Braden Holtby with a rebound.
5:32 of 3rd period - Slapshot by Joonas Donskoi.
5:32 of 3rd period - Shot Blocked by Gustav Forsling.
5:34 of 3rd period - Wrist shot by Joonas Donskoi.
5:34 of 3rd period - Shot Blocked by Gustav Forsling.
5:56 of 3rd period - Icing by Yanni Gourde.
5:57 of 3rd period - Jordan Staal wins face-off versus Rudolfs Balcers in Kings zone.
6:18 of 3rd period - Slapshot by Nick Leddy.
6:18 of 3rd period - Shot Misses the Net.
6:20 of 3rd period - Snap shot by Rudolfs Balcers.
6:20 of 3rd period - Shot Misses the Net.
6:22 of 3rd period - Snap shot by Yanni Gourde.
6:22 of 3rd period - Shot Misses the Net.
6:24 of 3rd period - Snap shot by Corey Perry.
6:24 of 3rd period - Stopped by Mackenzie Blackwood with a rebound.
6:42 of 3rd period - Slapshot by Dougie Hamilton.
6:42 of 3rd period - Shot Misses the Net.
6:50 of 3rd period - Snap shot by Corey Perry.
6:50 of 3rd period - Shot Misses the Net.
6:52 of 3rd period - Snap shot by Rudolfs Balcers.
6:52 of 3rd period - Stopped by Mackenzie Blackwood with a rebound.
6:54 of 3rd period - Slapshot by Nick Leddy.
6:54 of 3rd period - Shot Blocked by Vince Dunn.
7:20 of 3rd period - Snap shot by Yanni Gourde.
7:20 of 3rd period - Stopped by Mackenzie Blackwood without a rebound.
7:21 of 3rd period - Anze Kopitar wins face-off versus Casey Mittelstadt in Jets zone.
7:24 of 3rd period - Wrist shot by Patrik Laine.
7:24 of 3rd period - Shot Blocked by Josh Bailey.
7:47 of 3rd period - Snap shot by Blake Lizotte.
7:47 of 3rd period - Shot Misses the Net.
7:49 of 3rd period - Slapshot by Jonas Brodin.
7:49 of 3rd period - Stopped by Braden Holtby with a rebound.
8:06 of 3rd period - Icing by Rickard Rakell.
8:07 of 3rd period - Aleksander Barkov wins face-off versus Mark Scheifele in Kings zone.
8:38 of 3rd period - Slapshot by Noah Hanifin.
8:38 of 3rd period - Stopped by Mackenzie Blackwood without a rebound.
8:39 of 3rd period - Casey Mittelstadt wins face-off versus Juho Lammikko in Jets zone.
10:00 of 3rd period - Wrist shot by Kyle Connor.
10:00 of 3rd period - Shot Blocked by Patrik Laine.
10:10 of 3rd period - Slapshot by Conor Garland.
10:10 of 3rd period - Shot Misses the Net.
10:12 of 3rd period - Slapshot by Alexander Edler.
10:12 of 3rd period - Shot Blocked by Mark Giordano.
10:14 of 3rd period - Wrist shot by Conor Garland.
10:14 of 3rd period - Stopped by Braden Holtby without a rebound.
10:15 of 3rd period - Mark Scheifele wins face-off versus Corey Perry in Kings zone.
10:16 of 3rd period - Wrist shot by Sam Reinhart.
10:16 of 3rd period - Stopped by Braden Holtby without a rebound.
10:17 of 3rd period - Corey Perry wins face-off versus Sam Reinhart in Kings zone.
10:22 of 3rd period - Wrist shot by Noah Hanifin.
10:22 of 3rd period - Stopped by Mackenzie Blackwood with a rebound.
10:28 of 3rd period - Yanni Gourde is hit by Mark Scheifele and loses puck.
11:17 of 3rd period - Slapshot by Aleksander Barkov.
11:17 of 3rd period - Deflect By William Karlsson.
11:17 of 3rd period - Shot Misses the Net.
11:17 of 3rd period - Puck is out of play.
11:18 of 3rd period - Juho Lammikko wins face-off versus Mark Scheifele in Jets zone.
11:19 of 3rd period - Wrist shot by Ryan Donato.
11:19 of 3rd period - Shot Blocked by Alexander Edler.
11:51 of 3rd period - Wrist shot by Mark Giordano.
11:51 of 3rd period - Shot Misses the Net.
12:29 of 3rd period - Wrist shot by Ryan Donato.
12:29 of 3rd period - Stopped by Mackenzie Blackwood with a rebound.
12:33 of 3rd period - Slapshot by Ryan Donato.
12:33 of 3rd period - Stopped by Mackenzie Blackwood with a rebound.
12:35 of 3rd period - Snap shot by Ryan Donato.
12:35 of 3rd period - Stopped by Mackenzie Blackwood without a rebound.
12:36 of 3rd period - Aleksander Barkov wins face-off versus Mark Scheifele in Jets zone.
13:01 of 3rd period - Slapshot by Corey Perry.
13:01 of 3rd period - Stopped by Mackenzie Blackwood with a rebound.
13:03 of 3rd period - Wrist shot by Corey Perry.
13:03 of 3rd period - Kings goal is going for a video replay.
13:03 of 3rd period - The goal is refused. The puck has entered the net after making contact with an attacking player’s stick that is above the height of the crossbar..
13:04 of 3rd period - Yanni Gourde wins face-off versus Casey Mittelstadt in Jets zone.
13:19 of 3rd period - Snap shot by Dougie Hamilton.
13:19 of 3rd period - Stopped by Braden Holtby with a rebound.
13:33 of 3rd period - Snap shot by Aleksander Barkov.
13:33 of 3rd period - Stopped by Mackenzie Blackwood without a rebound.
13:34 of 3rd period - Aleksander Barkov wins face-off versus Mark Scheifele in Jets zone.
13:43 of 3rd period - Wrist shot by Kevin Fiala.
13:43 of 3rd period - Stopped by Mackenzie Blackwood with a rebound.
13:49 of 3rd period - Slapshot by Aleksander Barkov.
13:49 of 3rd period - Stopped by Mackenzie Blackwood with a rebound.
13:55 of 3rd period - Wrist shot by Aleksander Barkov.
13:55 of 3rd period - Shot Blocked by Nikita Zaitsev.
13:57 of 3rd period - Snap shot by Mark Giordano.
13:57 of 3rd period - Deflect By Aleksander Barkov.
13:57 of 3rd period - Stopped by Mackenzie Blackwood with a rebound.
13:59 of 3rd period - Slapshot by Kevin Fiala.
13:59 of 3rd period - Stopped by Mackenzie Blackwood with a rebound.
14:01 of 3rd period - Snap shot by Aleksander Barkov.
14:01 of 3rd period - Stopped by Mackenzie Blackwood with a rebound.
14:03 of 3rd period - Snap shot by Kevin Fiala.
14:03 of 3rd period - Shot Misses the Net.
14:05 of 3rd period - Snap shot by William Karlsson.
14:05 of 3rd period - Shot Blocked by Jonas Brodin.
14:07 of 3rd period - Wrist shot by William Karlsson.
14:07 of 3rd period - Shot Misses the Net.
14:09 of 3rd period - Wrist shot by William Karlsson.
14:09 of 3rd period - Stopped by Mackenzie Blackwood without a rebound.
14:10 of 3rd period - Anze Kopitar wins face-off versus Casey Mittelstadt in Jets zone.
14:11 of 3rd period - Snap shot by Rickard Rakell.
14:11 of 3rd period - Shot Blocked by Casey Mittelstadt.
14:13 of 3rd period - Slapshot by Mark Giordano.
14:13 of 3rd period - Shot Blocked by Matt Roy.
14:35 of 3rd period - Conor Garland is hit by Rudolfs Balcers and loses puck.
14:42 of 3rd period - Slapshot by Matt Roy.
14:42 of 3rd period - Stopped by Braden Holtby with a rebound.
15:50 of 3rd period - Matt Roy is hit by Patrik Laine and loses puck.
16:08 of 3rd period - Casey Mittelstadt is hit by Rudolfs Balcers and loses puck.
16:38 of 3rd period - Icing by Dougie Hamilton.
16:39 of 3rd period - Aleksander Barkov wins face-off versus Mark Scheifele in Jets zone.
17:12 of 3rd period - Mark Giordano is hit by Sam Gagner and loses puck.
17:46 of 3rd period - Slapshot by Noah Hanifin.
17:46 of 3rd period - Stopped by Mackenzie Blackwood without a rebound.
17:47 of 3rd period - Blake Lizotte wins face-off versus Aleksander Barkov in Jets zone.
18:03 of 3rd period - Off-side.
18:04 of 3rd period - Anze Kopitar wins face-off versus Anthony Beauvillier in neutral zone.
18:46 of 3rd period - Snap shot by Mark Scheifele.
18:46 of 3rd period - Shot Misses the Net.
18:58 of 3rd period - Wrist shot by Anze Kopitar.
18:58 of 3rd period - Stopped by Mackenzie Blackwood with a rebound.
19:00 of 3rd period - Slapshot by Noah Hanifin.
19:00 of 3rd period - Stopped by Mackenzie Blackwood without a rebound.
19:01 of 3rd period - Aleksander Barkov wins face-off versus Casey Mittelstadt in Jets zone.
19:10 of 3rd period - Kevin Fiala is hit by Sam Gagner and loses puck.
19:27 of 3rd period - Vince Dunn is hit by Juho Lammikko and loses puck.
Goals for this period are 0 for Kings vs 0 for Jets.
Shots for this period are 20 for Kings vs 9 for Jets.